 Dungeon Crawl Stone Soup version 0.16-a0-3736-g4b94454 (webtiles) character file.

882 Johnny the Ducker (level 8, 0/54 HPs)
             Began as an Octopode Fighter on Jan 22, 2015.
             Was a Priest of Zin.
             Succumbed to poison (a potion of poison)
             ... on level 5 of the Dungeon.
             The game lasted 00:07:05 (5030 turns).

Johnny the Ducker (Octopode Fighter)                Turns: 5030, Time: 00:07:05

Health: 0/54       AC:  6    Str: 15    XL:     8   Next: 5%
Magic:  11/11      EV: 13    Int: 16    God:    Zin [***...]
Gold:   236        SH:  9    Dex: 13    Spells: 0 memorised, 7 levels left

rFire  . . .     SeeInvis .     y - +1 flail (protect)
rCold  . . .     Clarity  .     c - +0 shield
rNeg   + . .     SustAb   .     (helmet restricted)
rPois  .         Gourm    .     g - amulet of warding
rElec  .         Spirit   .     w - +5 ring of intelligence
rCorr  .         Warding  +     (no ring)
rMut   .         Stasis   .     (no ring)
MR     .....                    (no ring)
Stlth  ++........               (no ring)
                                (no ring)
                                (no ring)
                                (no ring)

@: lethally poisoned, short of breath, very slightly contaminated, hasted, very
quick, not resistant to hostile enchantments, unstealthy
A: almost no armour, amphibious, 8 rings, constrict 8, camouflage 1, gelatinous
body 1
a: Recite, Vitalisation, Imprison, Renounce Religion


You were on level 5 of the Dungeon.
You worshipped Zin.
Zin was most pleased with you.
You were not hungry.

You visited 1 branch of the dungeon, and saw 5 of its levels.

You collected 262 gold pieces.
You donated 26 gold pieces to Zin.

Inventory:

Hand weapons
 a - a +0 long sword
 h - a +0 dagger
 y - a +1 flail of protection (weapon)
Armour
 c - a +0 shield (worn)
 i - a +0 animal skin
Jewellery
 g - an amulet of warding (around mantle)
 w - a +5 ring of intelligence (left tentacle)
Scrolls
 f - 3 scrolls of fog
 j - a scroll of blinking {unknown}
 k - 4 scrolls of teleportation
 o - a scroll of magic mapping {unknown}
 q - a scroll of random uselessness {unknown}
 t - 2 scrolls of remove curse
 u - a scroll of noise {unknown}
Potions
 e - 2 potions of might
 n - 3 potions of poison
 p - a potion of resistance {unknown}
 r - 2 potions of brilliance {unknown}
 s - a potion of haste
 v - a potion of berserk rage {unknown}
Comestibles
 d - 4 bread rations
 l - 11 fruits
 m - a beef jerky


   Skills:
 + Level 4.4 Fighting
 + Level 3.9 Long Blades
 * Level 6.0 Dodging
 * Level 5.4 Shields
 + Level 2.6 Invocations


You had 7 spell levels left.
You didn't know any spells.

Dungeon Overview and Level Annotations

Branches:
Dungeon (5/15)             Temple (0/1) D:4

Altars:
Cheibriados
Fedhas
Gozag
Makhleb
Trog
Zin


Innate Abilities, Weirdness & Mutations

You cannot wear most types of armour.
You are amphibious.
You can wear up to eight rings at the same time.
You can use your tentacles to constrict many enemies at once.
Your skin changes colour to match your surroundings (Stealth).
Your rubbery body absorbs attacks (AC +1).


Message History

The magic dart hits you!
* * * LOW HITPOINT WARNING * * *
The orc hits you with a flail.
* * * LOW HITPOINT WARNING * * *
The orc wizard hits you with a dagger.
* * * LOW HITPOINT WARNING * * *
You block the orc's attack.
Drink which item? (? for menu, Esc to quit)
You feel yourself speed up.
You constrict the orc wizard. You block the orc wizard's attack.
The orc wizard points at you and mumbles some strange words.
You resist with some effort.
You are very lightly contaminated with residual magic.
Unknown command.
Drink which item? (? for menu, Esc to quit)
It was a potion of poison.
That liquid tasted very nasty...
You are lethally poisoned!
You constrict the orc wizard.
You die...

##.## ##>#.##
##.###.## ##+# #.##
##.# ###...# ##.###.##
o......## ###.#)##
##.......## ##.#..##
#........o####...(####
+.......oooo@o.......#
........o####....##.#
#.......## #..#.##.#
##.....## #.##.##.#
##...# #.##.##.# ##+#
#.##.##.# #.##.##.#
#.##.##.# #†.)....#


You could see an orc wizard and 6 orcs.

Vanquished Creatures
  A phantom (D:4)
  An ogre (D:4)
  A centaur (D:5)
  Blork the orc (D:5)
  A giant frog (D:4)
  A hound (D:4)
  3 orc wizards
  3 orc priests (D:4)
  2 worker ants
  A worker ant zombie (D:5)
  7 adders
  3 gnolls (D:4)
  3 worms
  A giant gecko (D:2)
  An ooze (D:2)
  21 orcs
  11 bats
  A bat skeleton (D:4)
  17 goblins
  8 hobgoblins
  8 jackals
  2 ball pythons
  13 giant cockroaches
  2 giant newts
  4 kobolds
  3 quokkas
  A quokka skeleton (D:4)
  3 rats
124 creatures vanquished.

Notes
Turn   | Place    | Note
--------------------------------------------------------------
     0 | D:1      | Johnny, the Octopode Fighter, began the quest for the Orb.
     0 | D:1      | Reached XP level 1. HP: 16/16 MP: 1/1
   285 | D:1      | Reached XP level 2. HP: 15/21 MP: 2/2
   803 | D:2      | Reached XP level 3. HP: 26/26 MP: 3/3
  1104 | D:2      | Found an opulent altar of Gozag.
  1106 | D:2      | Found a glowing silver altar of Zin.
  1189 | D:2      | Became a worshipper of Zin the Law-Giver
  1189 | D:2      | Acquired Zin's first power
  1249 | D:2      | Found a bloodstained altar of Trog.
  1491 | D:2      | Reached XP level 4. HP: 23/31 MP: 4/4
  1528 | D:2      | Found a burning altar of Makhleb.
  1826 | D:3      | Reached skill level 4 in Dodging
  1829 | D:3      | Acquired Zin's second power
  2350 | D:3      | Reached XP level 5. HP: 29/36 MP: 5/5
  3000 | D:4      | Found a staircase to the Ecumenical Temple.
  3214 | D:4      | Noticed an ogre
  3218 | D:4      | HP: 1/36 [orc wizard/dagger (3)]
  3717 | D:4      | Reached skill level 1 in Invocations
  3717 | D:4      | Reached XP level 6. HP: 31/43 MP: 7/7
  3877 | D:4      | Found a snail-covered altar of Cheibriados.
  3883 | D:4      | Found a blossoming altar of Fedhas.
  3892 | D:4      | Reached skill level 5 in Dodging
  4052 | D:4      | Reached XP level 7. HP: 43/48 MP: 8/8
  4759 | D:4      | Killed an ogre
  4759 | D:4      | Reached skill level 5 in Shields
  4841 | D:5      | Entered Level 5 of the Dungeon
  4973 | D:5      | Acquired Zin's third power
  5006 | D:5      | Noticed Blork the orc
  5024 | D:5      | Killed Blork the orc
  5024 | D:5      | Reached skill level 6 in Dodging
  5024 | D:5      | Reached XP level 8. HP: 16/54 MP: 11/11
  5028 | D:5      | HP: 1/54 [orc wizard/dagger (5)]
  5030 | D:5      | Succumbed to poison (a potion of poison)

Action                   |  1- 3 |  4- 6 |  7- 9 || total
-------------------------+-------+-------+-------++-------
Melee: Long sword        |    40 |       |       ||    40
       Dagger            |    35 |   150 |       ||   185
       Flail             |       |    36 |    73 ||   109
Invok: Recite            |       |     4 |     3 ||     7
  Use: Scroll            |       |     4 |       ||     4
       Potion            |       |       |     2 ||     2
 Stab: Sleeping          |     4 |     5 |     1 ||    10
  Eat: Chunk             |     1 |     7 |     1 ||     9
       Beef jerky        |       |     1 |       ||     1
       Meat ration       |       |       |     1 ||     1
